[Event "XVII MetLife Najdorf Open 2017"]
[Site "Warsaw"]
[Date "2017.07.13"]
[Round "5.60"]
[White "Hacker, Jonas"]
[Black "Mis, Mieszko"]
[Result "1/2-1/2"]
[ECO "C67"]
[WhiteElo "2297"]
[BlackElo "2137"]
[Annotator "ChessBase"]
[PlyCount "108"]
[EventDate "2017.??.??"]
[EventType "swiss"]
[EventCountry "POL"]
[SourceTitle "playchess.com"]
[Source "ChessBase"]
[SourceQuality "1"]
[TimeControl "40/5400+30:1800+30"]

1. e4 e5 2. Nf3 Nc6 3. Bb5 Nf6 4. O-O Nxe4 5. Re1 Nd6 6. Nxe5 Be7 7. Bf1 Nxe5 8. Rxe5 O-O 9. c3 Bf6 10. Re1 Re8 11. Rxe8+ Nxe8 12. d4 d5 13. Bf4 c6 14. Nd2 Bf5 15. Qb3 Qb6 16. Re1 h6 17. a4 g5 18. Bg3 Ng7 19. a5 Qxb3 20. Nxb3 Nh5 21. Bd6 Rd8 22. Bc7 Rc8 23. Bd6 Rd8 24. Bc7 Rc8 25. Be5 Re8 26. g3 b6 27. a6 Bc8 28. Be2 g4 29. h3 Bxe5 30. Bxg4 Bxg4 31. hxg4 Nf6 32. Rxe5 Rxe5 33. dxe5 Nxg4 34. Nd4 Nxe5 35. f4 c5 36. fxe5 cxd4 37. cxd4 f6 38. Kf2 Kf7 39. exf6 Kxf6 40. g4 b5 41. Kg3 Kg5 42. b4 Kf6 43. Kf4 Ke6 44. Kg3 Kf6 45. Kh4 Kg6 46. Kh3 Kf6 47. Kg2 Kg5 48. Kg3 Kf6 49. Kf4 Ke6 50. g5 h5 51. g6 Kf6 52. g7 Kxg7 53. Kg5 h4 54. Kxh4 Kh6 1/2-1/2

[Event "XVII MetLife Najdorf Open 2017"]
[Site "Warsaw"]
[Date "2017.07.15"]
[Round "7"]
[White "Barski, Radoslaw"]
[Black "Kubicka, Anna"]
[Result "1-0"]
[ECO "B12"]
[WhiteElo "2402"]
[BlackElo "2152"]
[Annotator "RC"]
[PlyCount "83"]
[EventDate "2017.??.??"]
[EventType "swiss"]
[EventCountry "POL"]
[SourceTitle "playchess.com"]
[Source "ChessBase"]
[SourceQuality "1"]
[TimeControl "40/5400+30:1800+30"]

1. e4 c6 2. d4 d5 3. e5 Bf5 4. Nf3 e6 5. Be2 Nd7 6. O-O Ne7 7. a4 c5 8. a5 a6 9. dxc5 Nc6 10. Bf4 Bxc5 11. c3 O-O 12. b4 Be7 13. Re1 Qc7 14. Bd3 Bg4 15. Nbd2 Rac8 16. Qb1 h6 17. h3 Bxf3 18. Nxf3 d4 19. cxd4 Bxb4 20. Rc1 Ndb8 21. d5 exd5 22. Bh7+ Kh8 23. Bf5 Qe7 24. Bxc8 Rxc8 25. Ra4 Rd8 26. e6 fxe6 27. Ne5 Nxe5 28. Rxb4 Nc4 29. Rxb7 Nd7 30. Ra7 Qf8 31. Bc7 Rc8 32. Qg6 Qf6 33. Qg3 Nxa5 34. Qd6 Nb8 35. Ra8 Qb2 36. Re1 Nc4 37. Qg3 e5 38. Rxe5 Nxe5 39. Bxe5 Qb7 40. Bd4 Kh7 41. Ra7 Qb1+ 42. Kh2 1-0

[Event "XVII MetLife Najdorf Open 2017"]
[Site "Warsaw"]
[Date "2017.07.15"]
[Round "7"]
[White "Gumularz, Szymon"]
[Black "Krstulovic, Alex"]
[Result "0-1"]
[ECO "C54"]
[WhiteElo "2391"]
[BlackElo "2252"]
[Annotator "NA RC"]
[PlyCount "80"]
[EventDate "2017.??.??"]
[EventType "swiss"]
[EventCountry "POL"]
[SourceTitle "playchess.com"]
[Source "ChessBase"]
[SourceQuality "1"]
[TimeControl "40/5400+30:1800+30"]

1. e4 e5 2. Nf3 Nc6 3. Bc4 Bc5 4. c3 Nf6 5. d3 O-O 6. O-O a6 7. Bb3 h6 8. d4 Ba7 9. Nxe5 Nxe5 10. dxe5 Nxe4 11. Bd5 Nxf2 12. Rxf2 d6 13. Qe2 dxe5 14. Bb3 Bxf2+ 15. Qxf2 b6 16. Nd2 Qe7 17. Nf3 Kh7 18. Qg3 Re8 19. Bd2 e4 20. Nd4 c5 21. Rf1 e3 22. Nc6 Qg5 23. Bc2+ f5 24. Be1 e2 25. Rf4 Qxg3 26. hxg3 g6 27. g4 Bb7 28. gxf5 Bxc6 29. fxg6+ Kg8 30. Rf7 Bd5 31. Rd7 Rf8 32. Rxd5 Rf1+ 33. Kh2 Rxe1 34. Re5 Rd8 35. Re7 c4 36. Bf5 Rdd1 37. Kg3 Rf1 38. Re8+ Kg7 39. Re7+ Kf8 40. Rxe2 Rxf5 0-1

[Event "XVII MetLife Najdorf Open 2017"]
[Site "Warsaw"]
[Date "2017.07.15"]
[Round "7"]
[White "Moehn, Hans"]
[Black "AlHuwar, Jasem"]
[Result "1-0"]
[ECO "A01"]
[WhiteElo "2380"]
[BlackElo "2275"]
[Annotator "NA RC"]
[PlyCount "87"]
[EventDate "2017.??.??"]
[EventType "swiss"]
[EventCountry "POL"]
[SourceTitle "playchess.com"]
[Source "ChessBase"]
[SourceQuality "1"]
[TimeControl "40/5400+30:1800+30"]

1. b3 c5 2. Bb2 Nc6 3. c4 e5 4. g3 g6 5. Bg2 Bg7 6. e3 Nge7 7. Nc3 O-O 8. d3 d6 9. Nge2 Be6 10. Nd5 Qd7 11. O-O Bh3 12. Qd2 h5 13. f4 Bxg2 14. Kxg2 b5 15. Rad1 a5 16. Nb6 Qb7 17. Nxa8 Rxa8 18. e4 b4 19. Ng1 a4 20. Nf3 a3 21. Bc1 Re8 22. Rde1 Nd8 23. Qf2 f6 24. Be3 Nec6 25. h3 Nd4 26. Nh4 Kf7 27. Bxd4 exd4 28. f5 g5 29. Ng6 Rg8 30. Qf3 Ke8 31. Qxh5 Qf7 32. Qf3 Qb7 33. Rh1 Nf7 34. h4 gxh4 35. Rxh4 Ne5 36. Nxe5 dxe5 37. Reh1 Qf7 38. Qh5 Qxh5 39. Rxh5 Kf7 40. Rh7 Kf8 41. Kf3 Kf7 42. R1h4 Kf8 43. Rg4 Kf7 44. Rhxg7+ 1-0

[Event "XVII MetLife Najdorf Open 2017"]
[Site "Warsaw"]
[Date "2017.07.15"]
[Round "7"]
[White "Teclaf, Pawel"]
[Black "Kowalski, Igor"]
[Result "1-0"]
[ECO "A45"]
[WhiteElo "2372"]
[BlackElo "2226"]
[Annotator "NA RC"]
[PlyCount "65"]
[EventDate "2017.??.??"]
[EventType "swiss"]
[EventCountry "POL"]
[SourceTitle "playchess.com"]
[Source "ChessBase"]
[SourceQuality "1"]
[TimeControl "40/5400+30:1800+30"]

1. d4 Nf6 2. Bg5 e6 3. e4 h6 4. Bxf6 Qxf6 5. c3 d6 6. Bd3 Qg5 7. Nf3 Qxg2 8. Rg1 Qh3 9. Rg3 Qh5 10. Nbd2 g5 11. h3 Nc6 12. Qb3 Ne7 13. Be2 Qg6 14. O-O-O f5 15. exf5 exf5 16. Bd3 Qf7 17. Bc4 d5 18. Ne5 dxc4 19. Qa4+ b5 20. Qxb5+ c6 21. Ndxc4 Qf6 22. Qa4 Bg7 23. d5 f4 24. Rgd3 O-O 25. d6 Nf5 26. d7 Bb7 27. Ng4 Qd8 28. Na5 Ba6 29. Nxc6 Bxd3 30. Nxd8 Be2 31. Ne6 Bxd1 32. Qxd1 h5 33. Nxf8 1-0

[Event "XVII MetLife Najdorf Open 2017"]
[Site "Warsaw"]
[Date "2017.07.15"]
[Round "7"]
[White "Zylka, Stanislaw"]
[Black "Jaroch, Karol"]
[Result "1-0"]
[ECO "A40"]
[WhiteElo "2368"]
[BlackElo "2207"]
[Annotator "NA RC"]
[PlyCount "97"]
[EventDate "2017.??.??"]
[EventType "swiss"]
[EventCountry "POL"]
[SourceTitle "playchess.com"]
[Source "ChessBase"]
[SourceQuality "1"]
[TimeControl "40/5400+30:1800+30"]

1. d4 e6 2. Nf3 Nf6 3. g3 b6 4. Bg2 Bb7 5. O-O Be7 6. c4 d5 7. Ne5 O-O 8. Nc3 Nbd7 9. Bf4 c6 10. Qa4 Nxe5 11. Bxe5 a6 12. cxd5 cxd5 13. Rfc1 b5 14. Qd1 Rc8 15. a4 b4 16. Na2 Qb6 17. h4 Nd7 18. Bf4 Nb8 19. e3 Nc6 20. Bf1 b3 21. Nc3 Na5 22. Bd3 Bb4 23. Ne2 Rxc1 24. Nxc1 Be7 25. h5 h6 26. Qg4 f5 27. Qg6 Kh8 28. g4 Qc6 29. Be5 Bf6 30. gxf5 exf5 31. Bxf5 Kg8 32. Nd3 Nc4 33. Rc1 Bc8 34. Qh7+ Kf7 35. Nb4 Bxf5 36. Qxf5 Qe6 37. Qxe6+ Kxe6 38. Bxf6 gxf6 39. Nxa6 Nd2 40. Nc5+ Kf5 41. f3 Nxf3+ 42. Kf2 Nd2 43. Ke2 Nc4 44. e4+ Kg4 45. exd5 Nxb2 46. d6 Rd8 47. Nb7 Rb8 48. d7 Nxa4 49. d8=Q 1-0

[Event "XVII MetLife Najdorf Open 2017"]
[Site "Warsaw"]
[Date "2017.07.15"]
[Round "7"]
[White "Zujev, Oleg"]
[Black "Adamski, Jan"]
[Result "1-0"]
[ECO "E42"]
[WhiteElo "2366"]
[BlackElo "2250"]
[Annotator "NA RC"]
[PlyCount "63"]
[EventDate "2017.??.??"]
[EventType "swiss"]
[EventCountry "POL"]
[SourceTitle "playchess.com"]
[Source "ChessBase"]
[SourceQuality "1"]
[TimeControl "40/5400+30:1800+30"]

1. d4 Nf6 2. c4 e6 3. Nc3 Bb4 4. e3 c5 5. Nge2 cxd4 6. exd4 O-O 7. a3 Be7 8. Nf4 d6 9. Be2 Nc6 10. Be3 Nxd4 11. Qxd4 e5 12. Qd2 exf4 13. Bxf4 Be6 14. Nd5 Bxd5 15. cxd5 Ne4 16. Qb4 Nc5 17. O-O Bf6 18. Rfe1 Rc8 19. Bf1 Qc7 20. Rad1 a6 21. a4 b6 22. h3 g6 23. Re3 Rfe8 24. Rde1 Rxe3 25. Rxe3 h5 26. b3 a5 27. Qe1 Nd7 28. Re8+ Rxe8 29. Qxe8+ Kg7 30. Bb5 Be5 31. Qxd7 Qc1+ 32. Bxc1 1-0

[Event "XVII MetLife Najdorf Open 2017"]
[Site "Warsaw"]
[Date "2017.07.15"]
[Round "7"]
[White "Lagunow, Raphael"]
[Black "Dmochowska, Agnieszka"]
[Result "1-0"]
[ECO "C03"]
[WhiteElo "2348"]
[BlackElo "2202"]
[Annotator "NA RC"]
[PlyCount "81"]
[EventDate "2017.??.??"]
[EventType "swiss"]
[EventCountry "POL"]
[SourceTitle "playchess.com"]
[Source "ChessBase"]
[SourceQuality "1"]
[TimeControl "40/5400+30:1800+30"]

1. e4 e6 2. d4 d5 3. Nd2 Be7 4. Bd3 c5 5. dxc5 Nc6 6. Ngf3 Nf6 7. exd5 exd5 8. Nb3 O-O 9. O-O Bg4 10. h3 Bh5 11. Bg5 Na5 12. c3 Nxb3 13. axb3 h6 14. Bxf6 Bxf6 15. g4 Bg6 16. Qc2 Qc7 17. b4 a5 18. bxa5 Qxc5 19. Kg2 d4 20. Bxg6 fxg6 21. Qb3+ Kh7 22. cxd4 Bxd4 23. Rfc1 Qa7 24. Rc2 Rf6 25. Rd1 Bc5 26. Qb5 Raf8 27. Rd3 Bd6 28. b4 Qa8 29. Rcc3 Qb8 30. Rc4 R8f7 31. Qd5 Bc7 32. Rdc3 Rf4 33. Rxf4 Rxf4 34. Rc4 Rf6 35. Qe4 Bd6 36. b5 Qa7 37. b6 Qa6 38. Rc8 Qxa5 39. Qxb7 Qb4 40. Qa8 Rf8 41. b7 1-0

[Event "XVII MetLife Najdorf Open 2017"]
[Site "Warsaw"]
[Date "2017.07.15"]
[Round "7"]
[White "Spitzl, Vinzent"]
[Black "Zochowski, Kacper"]
[Result "1/2-1/2"]
[ECO "C95"]
[WhiteElo "2348"]
[BlackElo "2240"]
[Annotator "NA RC"]
[PlyCount "110"]
[EventDate "2017.??.??"]
[EventType "swiss"]
[EventCountry "POL"]
[SourceTitle "playchess.com"]
[Source "ChessBase"]
[SourceQuality "1"]
[TimeControl "40/5400+30:1800+30"]

1. e4 e5 2. Nf3 Nc6 3. Bb5 a6 4. Ba4 Nf6 5. O-O b5 6. Bb3 Be7 7. Re1 d6 8. c3 O-O 9. h3 Nb8 10. d4 Nbd7 11. Nbd2 Bb7 12. Bc2 Re8 13. Nf1 Bf8 14. Ng3 g6 15. a4 c5 16. d5 c4 17. Bg5 Nc5 18. Qd2 Be7 19. Bh6 Bf8 20. Be3 Qc7 21. Ra3 Nfd7 22. h4 Nb6 23. axb5 axb5 24. Rxa8 Rxa8 25. h5 Qe7 26. Bg5 f6 27. Be3 Nbd7 28. Nh4 Qf7 29. Qe2 Bc8 30. Qg4 Nb6 31. Qe2 Ra2 32. Bb1 Ra1 33. Rf1 Qe8 34. Nf3 Bg4 35. hxg6 hxg6 36. Qd2 Nb3 37. Qc2 Bxf3 38. gxf3 Nd7 39. Qe2 Bg7 40. Bc2 Rxf1+ 41. Qxf1 Nbc5 42. Qa1 Qb8 43. Qa5 Kh7 44. Nf1 Bh6 45. Bxc5 Nxc5 46. Ne3 Bf4 47. Kf1 Kg7 48. Ke2 Kf7 49. Qb4 Qb7 50. Nf1 Qa6 51. Nd2 Bxd2 52. Kxd2 Ke7 53. b3 cxb3 54. Bxb3 Qa1 55. Bd1 Qa2+ 1/2-1/2

[Event "XVII MetLife Najdorf Open 2017"]
[Site "Warsaw"]
[Date "2017.07.15"]
[Round "7"]
[White "Bartel, Michal"]
[Black "Szostko, Jakub"]
[Result "1/2-1/2"]
[ECO "B50"]
[WhiteElo "2343"]
[BlackElo "2208"]
[Annotator "RC"]
[PlyCount "61"]
[EventDate "2017.??.??"]
[EventType "swiss"]
[EventCountry "POL"]
[SourceTitle "playchess.com"]
[Source "ChessBase"]
[SourceQuality "1"]
[TimeControl "40/5400+30:1800+30"]

1. e4 c5 2. Nf3 d6 3. Nc3 Nf6 4. d4 cxd4 5. Qxd4 a6 6. e5 Nc6 7. Qa4 dxe5 8. Nxe5 Bd7 9. Nxd7 Qxd7 10. Bd2 g6 11. O-O-O Bg7 12. Be3 Qc8 13. Be2 O-O 14. Bf3 Ne5 15. Nd5 Nxd5 16. Bxd5 e6 17. Bb3 b5 18. Qe4 a5 19. a4 bxa4 20. Qxa4 Rb8 21. Kb1 Rb4 22. Qxa5 Qb7 23. Rd8 Nc4 24. Rxf8+ Bxf8 25. Qg5 Rxb3 26. cxb3 Qxb3 27. Bc1 Na3+ 28. Ka1 Nc2+ 29. Kb1 Na3+ 30. Ka1 Nc2+ 31. Kb1 1/2-1/2

[Event "XVII MetLife Najdorf Open 2017"]
[Site "Warsaw"]
[Date "2017.07.15"]
[Round "7"]
[White "Baskin, Robert"]
[Black "Fieberg, Samuel"]
[Result "1/2-1/2"]
[ECO "D11"]
[WhiteElo "2330"]
[BlackElo "2169"]
[Annotator "RC"]
[PlyCount "71"]
[EventDate "2017.??.??"]
[EventType "swiss"]
[EventCountry "POL"]
[SourceTitle "playchess.com"]
[Source "ChessBase"]
[SourceQuality "1"]
[TimeControl "40/5400+30:1800+30"]

1. d4 d5 2. c4 c6 3. Nf3 Nf6 4. e3 Bg4 5. h3 Bh5 6. g4 Bg6 7. Ne5 e6 8. Nd2 Nbd7 9. Nxg6 hxg6 10. Bg2 dxc4 11. Nxc4 Nb6 12. Qb3 Nxc4 13. Qxc4 Be7 14. O-O O-O 15. b4 Qb6 16. Bd2 Rfd8 17. Rfd1 Nd5 18. Rab1 Qb5 19. Qb3 Nb6 20. Be1 a6 21. Rdc1 Qa4 22. Qxa4 Nxa4 23. Be4 Nb6 24. Bc2 Nd5 25. a4 Nc7 26. f3 Bd6 27. Bh4 Rd7 28. Be1 g5 29. Rd1 g6 30. Kf2 Kg7 31. e4 Bf4 32. Bc3 f6 33. Bd3 e5 34. Be2 Rad8 35. dxe5 Bxe5 36. Rxd7+ 1/2-1/2

[Event "XVII MetLife Najdorf Open 2017"]
[Site "Warsaw"]
[Date "2017.07.15"]
[Round "7"]
[White "Lewicki, Miroslaw"]
[Black "Sliwicka, Alicja"]
[Result "1-0"]
[ECO "B59"]
[WhiteElo "2323"]
[BlackElo "2164"]
[Annotator "NA RC"]
[PlyCount "93"]
[EventDate "2017.??.??"]
[EventType "swiss"]
[EventCountry "POL"]
[SourceTitle "playchess.com"]
[Source "ChessBase"]
[SourceQuality "1"]
[TimeControl "40/5400+30:1800+30"]

1. e4 c5 2. Nf3 d6 3. d4 cxd4 4. Nxd4 Nf6 5. Nc3 Nc6 6. Be2 e5 7. Nb3 Be7 8. O-O a5 9. Be3 Be6 10. Nd5 O-O 11. Bb6 Qd7 12. Nc7 Rac8 13. Nxe6 Qxe6 14. Nxa5 Nxa5 15. Bxa5 Nxe4 16. c4 f5 17. Qb3 Nc5 18. Qb5 f4 19. b4 Ne4 20. Rac1 Bg5 21. Bf3 Nf6 22. Rfe1 Kh8 23. Qxb7 Rxc4 24. Rxc4 Qxc4 25. Qc6 Qxa2 26. Qxd6 Re8 27. Bc6 Rc8 28. Qxe5 Rxc6 29. Qxg5 Re6 30. Rf1 Qd2 31. g3 Re4 32. Qc5 h6 33. Qc1 Qd4 34. Rd1 Qa7 35. Qc5 Qf7 36. Qf5 Qe7 37. Rd8+ Ne8 38. gxf4 Re1+ 39. Kg2 Qe2 40. Bb6 Qf1+ 41. Kg3 Qe2 42. Be3 Rg1+ 43. Kh4 g5+ 44. fxg5 hxg5+ 45. Bxg5 Rxg5 46. Qf8+ Kh7 47. Kxg5 1-0

[Event "XVII MetLife Najdorf Open 2017"]
[Site "Warsaw"]
[Date "2017.07.15"]
[Round "7"]
[White "Eggink, Ryszard"]
[Black "Kaczmarek, Aleksander"]
[Result "1/2-1/2"]
[ECO "A43"]
[WhiteElo "2322"]
[BlackElo "2380"]
[Annotator "RC"]
[PlyCount "54"]
[EventDate "2017.??.??"]
[EventType "swiss"]
[EventCountry "POL"]
[SourceTitle "playchess.com"]
[Source "ChessBase"]
[SourceQuality "1"]
[TimeControl "40/5400+30:1800+30"]

1. d4 c5 2. d5 e6 3. e4 exd5 4. exd5 d6 5. Bd3 Ne7 6. c4 Ng6 7. Nc3 Be7 8. f4 O-O 9. Nge2 Bh4+ 10. g3 Bf6 11. Be3 Re8 12. Qd2 Bg4 13. Kf2 Qd7 14. Ne4 Be7 15. Rhe1 Na6 16. a3 Nc7 17. b4 f5 18. N4c3 Na6 19. Bc2 Qc8 20. b5 Nb8 21. Ng1 Bf6 22. h3 Bh5 23. Qd3 Ne7 24. Bc1 Bd4+ 25. Be3 Bf6 26. Bc1 Bd4+ 27. Be3 Bf6 1/2-1/2

[Event "XVII MetLife Najdorf Open 2017"]
[Site "Warsaw"]
[Date "2017.07.15"]
[Round "7"]
[White "Srinath, Rao S V"]
[Black "Mis, Mieszko"]
[Result "1/2-1/2"]
[ECO "A45"]
[WhiteElo "2321"]
[BlackElo "2137"]
[Annotator "NA RC"]
[PlyCount "263"]
[EventDate "2017.??.??"]
[EventType "swiss"]
[EventCountry "POL"]
[SourceTitle "playchess.com"]
[Source "ChessBase"]
[SourceQuality "1"]
[TimeControl "40/5400+30:1800+30"]

1. d4 Nf6 2. Bf4 d5 3. e3 c5 4. c3 Nc6 5. Nd2 e6 6. Bd3 Bd6 7. Bg3 O-O 8. Ngf3 b6 9. Ne5 Bb7 10. f4 Ne7 11. Qf3 Bc7 12. Bh4 Ne4 13. Nxe4 dxe4 14. Bxe4 Bxe4 15. Qxe4 Qd5 16. Qxd5 Nxd5 17. Ke2 cxd4 18. cxd4 Bxe5 19. fxe5 f5 20. exf6 gxf6 21. Bg3 f5 22. Bd6 Rfd8 23. Be5 Rac8 24. Rac1 h5 25. a3 Kf7 26. Rhf1 Kg6 27. Kd3 a5 28. e4 fxe4+ 29. Kxe4 a4 30. Kd3 b5 31. Rxc8 Rxc8 32. Bd6 Nb6 33. Be7 Nd5 34. Bc5 Nf6 35. Re1 Rc6 36. h3 Nd7 37. Bb4 Kf5 38. Rf1+ Kg6 39. Bc3 Rd6 40. Ke4 Rd5 41. Ba5 Nf6+ 42. Ke3 e5 43. Bc3 e4 44. Be1 Rf5 45. Rf2 Rxf2 46. Bxf2 Kf5 47. Bg3 Nd5+ 48. Ke2 Nb6 49. Be1 Nc4 50. Bc3 Nb6 51. g3 Nd5 52. Ba5 Kg6 53. Bd8 Kf5 54. Kd2 Kg6 55. g4 hxg4 56. hxg4 Kf7 57. Ke2 Kg6 58. Kf2 Kf7 59. Ba5 Kg6 60. Kg3 Kh6 61. Bd2+ Kg6 62. Be1 Kg5 63. Ba5 Kf6 64. Kh4 Kg6 65. Bd2 Nb6 66. Bc3 Nd5 67. Ba5 Nf4 68. Bc3 Nd5 69. Bd2 Nb6 70. g5 Nc4 71. Bc3 e3 72. d5 e2 73. Kg4 Ne3+ 74. Kf3 Nxd5 75. Kxe2 Kxg5 76. Kd3 Kf5 77. Kd4 Ke6 78. Kc5 Ne3 79. Kxb5 Nd1 80. Kc6 Ke7 81. Kc7 Ke6 82. Kc6 Ke7 83. Be5 Nxb2 84. Bxb2 Kd8 85. Be5 Kc8 86. Bf4 Kd8 87. Kb7 Kd7 88. Bc7 Ke8 89. Kc8 Ke7 90. Bg3 Ke6 91. Kc7 Ke7 92. Bd6+ Kf7 93. Kd7 Kf6 94. Bg3 Kf7 95. Bh4 Kf8 96. Bg5 Kf7 97. Be7 Kg8 98. Ke6 Kg7 99. Bd6 Kg8 100. Kf6 Kh8 101. Kf7 Kh7 102. Be5 Kh6 103. Kg8 Kg6 104. Bg7 Kf5 105. Kf7 Kg5 106. Bf6+ Kf5 107. Ke7 Kg6 108. Ke6 Kh7 109. Be5 Kg6 110. Bh2 Kg7 111. Ke7 Kg6 112. Kf8 Kf6 113. Ke8 Ke6 114. Kd8 Kf6 115. Kd7 Kf7 116. Bd6 Kf6 117. Be7+ Kf7 118. Bb4 Kf6 119. Ke8 Ke6 120. Be7 Kd5 121. Kd7 Ke5 122. Bh4 Kd5 123. Bg3 Kc5 124. Kc7 Kd5 125. Kd7 Kc5 126. Bc7 Kb5 127. Kc8 Kc6 128. Bg3 Kb6 129. Bb8 Kc6 130. Bc7 Kd5 131. Kb7 Ke6 132. Kc6 1/2-1/2

[Event "XVII MetLife Najdorf Open 2017"]
[Site "Warsaw"]
[Date "2017.07.15"]
[Round "7"]
[White "Hacker, Jonas"]
[Black "Priyanka Nutakki"]
[Result "1/2-1/2"]
[ECO "B94"]
[WhiteElo "2297"]
[BlackElo "2104"]
[Annotator "NA RC"]
[PlyCount "117"]
[EventDate "2017.??.??"]
[EventType "swiss"]
[EventCountry "POL"]
[SourceTitle "playchess.com"]
[Source "ChessBase"]
[SourceQuality "1"]
[TimeControl "40/5400+30:1800+30"]

1. e4 c5 2. Nf3 d6 3. d4 cxd4 4. Nxd4 Nf6 5. Nc3 a6 6. Bg5 Nbd7 7. Qe2 e6 8. O-O-O Qc7 9. f4 h6 10. Bh4 Be7 11. Bf2 b5 12. a3 Bb7 13. g4 g5 14. f5 e5 15. Nb3 Rc8 16. Bg2 Nb6 17. Rd3 Nc4 18. Bf3 Bc6 19. Nd2 Nxd2 20. Rxd2 Qb7 21. h4 Rg8 22. hxg5 hxg5 23. Rh6 Qb8 24. Qe3 a5 25. b4 axb4 26. axb4 Qa8 27. Qa7 Qxa7 28. Bxa7 Ra8 29. Be3 Rc8 30. Kb2 Kf8 31. Rd1 Ke8 32. Ra1 Kd7 33. Ra7+ Rc7 34. Ra5 Rb7 35. Ra1 Rc7 36. Bb6 Rb7 37. Be3 Rc7 38. Rah1 Rcc8 39. Kb3 Rc7 40. Rh8 Rcc8 41. R8h6 Rc7 42. Rd1 Ke8 43. Be2 Nxe4 44. Nxe4 Bxe4 45. Bxb5+ Kf8 46. c4 Kg7 47. Rh5 Rb8 48. Rd2 d5 49. Rdh2 dxc4+ 50. Kc3 Bxf5 51. gxf5 Rxb5 52. Rh7+ Kf6 53. R2h6+ Kxf5 54. Rxf7+ Ke4 55. Bc5 Rbb7 56. Bxe7 Rxe7 57. Rf1 g4 58. Rhf6 Rh7 59. Re1+ 1/2-1/2

[Event "XVII MetLife Najdorf Open 2017"]
[Site "Warsaw"]
[Date "2017.07.15"]
[Round "7"]
[White "Rahul Srivatshav P"]
[Black "Kosakowski, Jakub"]
[Result "1/2-1/2"]
[ECO "E97"]
[WhiteElo "2295"]
[BlackElo "2366"]
[Annotator "NA RC"]
[PlyCount "88"]
[EventDate "2017.??.??"]
[EventType "swiss"]
[EventCountry "POL"]
[SourceTitle "playchess.com"]
[Source "ChessBase"]
[SourceQuality "1"]
[TimeControl "40/5400+30:1800+30"]

1. d4 Nf6 2. c4 g6 3. Nc3 Bg7 4. e4 d6 5. Nf3 O-O 6. Be2 e5 7. O-O Nc6 8. d5 Ne7 9. b4 a5 10. Ba3 axb4 11. Bxb4 Re8 12. c5 dxc5 13. Bxc5 c6 14. Qb3 cxd5 15. exd5 Nf5 16. Rad1 e4 17. Ng5 Nd7 18. Ne6 Nxc5 19. Nxc5 Nd4 20. Qb4 Nxe2+ 21. Nxe2 Qd6 22. Nc3 Bf8 23. Qb5 Bf5 24. Nxb7 Qb4 25. Qxb4 Bxb4 26. Nb5 Reb8 27. N5d6 Rxa2 28. Rb1 Bxd6 29. Nxd6 Rxb1 30. Rxb1 Rd2 31. Nxf5 gxf5 32. Re1 Kg7 33. f3 Rxd5 34. fxe4 Re5 35. Kf2 fxe4 36. g4 Kg6 37. Kg3 e3 38. Kf4 Re8 39. Re2 h6 40. h4 h5 41. gxh5+ Kxh5 42. Rxe3 Rxe3 43. Kxe3 Kg4 44. h5 Kxh5 1/2-1/2

[Event "XVII MetLife Najdorf Open 2017"]
[Site "Warsaw"]
[Date "2017.07.15"]
[Round "7"]
[White "Villegas, Pierre"]
[Black "Nurkiewicz, Maciej"]
[Result "0-1"]
[ECO "A37"]
[WhiteElo "2295"]
[BlackElo "2373"]
[Annotator "NA RC"]
[PlyCount "116"]
[EventDate "2017.??.??"]
[EventType "swiss"]
[EventCountry "POL"]
[SourceTitle "playchess.com"]
[Source "ChessBase"]
[SourceQuality "1"]
[TimeControl "40/5400+30:1800+30"]

1. c4 c5 2. g3 Nc6 3. Bg2 g6 4. Nc3 Bg7 5. Nf3 e5 6. O-O Nge7 7. a3 O-O 8. Rb1 f5 9. Ne1 d6 10. Nc2 Be6 11. d3 d5 12. cxd5 Nxd5 13. Ne3 Nde7 14. Bd2 a6 15. Na4 b6 16. b4 cxb4 17. Bxb4 Rb8 18. Nc4 Nxb4 19. Rxb4 b5 20. Nc5 Bd5 21. Ne3 Bxg2 22. Kxg2 Qd6 23. Qc2 Rfc8 24. Qa2+ Kh8 25. Nb3 Nd5 26. Nxd5 Qxd5+ 27. e4 Qxd3 28. Nc1 Qc2 29. Qd5 Rd8 30. Qb3 Qc6 31. Qe3 a5 32. Rb2 Qxe4+ 33. Qxe4 fxe4 34. Re1 Rd4 35. Nb3 Ra4 36. Nc5 Rxa3 37. Nd7 Rb7 38. Nc5 Rb8 39. Nd7 Rd8 40. Rxb5 Rxd7 41. Rb8+ Bf8 42. Rxf8+ Kg7 43. Re8 Ra2 44. Rxe5 Rdd2 45. R1xe4 Rxf2+ 46. Kh3 Rxh2+ 47. Kg4 Rhf2 48. Re7+ Rf7 49. Rxf7+ Kxf7 50. Rc4 Rh2 51. Rc7+ Ke6 52. Ra7 Rh5 53. Kf3 Rf5+ 54. Kg2 h5 55. Ra6+ Kf7 56. Kh3 Rg5 57. g4 Rxg4 58. Rxa5 Re4 0-1

[Event "XVII MetLife Najdorf Open 2017"]
[Site "Warsaw"]
[Date "2017.07.15"]
[Round "7"]
[White "Winiarski, Mikolaj"]
[Black "Konguvel, Ponnuswamy"]
[Result "0-1"]
[ECO "B06"]
[WhiteElo "2295"]
[BlackElo "2388"]
[Annotator "NA RC"]
[PlyCount "42"]
[EventDate "2017.??.??"]
[EventType "swiss"]
[EventCountry "POL"]
[SourceTitle "playchess.com"]
[Source "ChessBase"]
[SourceQuality "1"]
[TimeControl "40/5400+30:1800+30"]

1. e4 g6 2. d4 Bg7 3. Nc3 d6 4. Be3 a6 5. a4 Nf6 6. h3 O-O 7. Nf3 Nc6 8. Be2 e5 9. d5 Ne7 10. g4 c6 11. g5 Nh5 12. Qd2 cxd5 13. Nxd5 Nxd5 14. exd5 Bd7 15. a5 Rc8 16. O-O-O Bf5 17. Ne1 Nf4 18. Bxf4 exf4 19. h4 Rc5 20. Qxf4 Qxa5 21. Kb1 Bxb2 0-1

[Event "XVII MetLife Najdorf Open 2017"]
[Site "Warsaw"]
[Date "2017.07.15"]
[Round "7"]
[White "Heinemann, Josefine"]
[Black "Deszczynski, Adam"]
[Result "1/2-1/2"]
[ECO "B06"]
[WhiteElo "2294"]
[BlackElo "2380"]
[Annotator "NA RC"]
[PlyCount "101"]
[EventDate "2017.??.??"]
[EventType "swiss"]
[EventCountry "POL"]
[SourceTitle "playchess.com"]
[Source "ChessBase"]
[SourceQuality "1"]
[TimeControl "40/5400+30:1800+30"]

1. e4 g6 2. d4 Bg7 3. Nc3 d6 4. Be3 a6 5. Qd2 b5 6. f3 Nd7 7. g4 e5 8. Nge2 h5 9. gxh5 Rxh5 10. Ng3 Rh7 11. O-O-O Ngf6 12. Kb1 Bb7 13. a3 Nh5 14. Nxh5 Rxh5 15. f4 exf4 16. Bxf4 Qe7 17. Bg2 O-O-O 18. Rhe1 Nb6 19. Qd3 Qd7 20. Bf3 Rhh8 21. Bg3 f5 22. Qe2 Rde8 23. Qg2 Kb8 24. exf5 Bxf3 25. Qxf3 Qxf5 26. Qc6 Qd7 27. Qxd7 Nxd7 28. a4 Rxe1 29. Bxe1 Rh5 30. axb5 axb5 31. Bg3 Nb6 32. Ne2 Nd5 33. Rf1 Rf5 34. Rf2 Kc8 35. c3 Rxf2 36. Bxf2 Kd7 37. Kc2 Ke6 38. Ng3 Bh6 39. b3 Bf4 40. c4 bxc4 41. bxc4 Nf6 42. d5+ Ke5 43. Kd3 Bxg3 44. Bxg3+ Kf5 45. Kd4 Ne4 46. Be1 Nc5 47. Bb4 Na6 48. Ba5 g5 49. h3 Kf4 50. Bd2+ Kf5 51. Ba5 1/2-1/2

[Event "XVII MetLife Najdorf Open 2017"]
[Site "Warsaw"]
[Date "2017.07.15"]
[Round "7"]
[White "Niekras, Dawid"]
[Black "Nowak, Kamil"]
[Result "1/2-1/2"]
[ECO "C15"]
[WhiteElo "2291"]
[BlackElo "2362"]
[Annotator "NA RC"]
[PlyCount "48"]
[EventDate "2017.??.??"]
[EventType "swiss"]
[EventCountry "POL"]
[SourceTitle "playchess.com"]
[Source "ChessBase"]
[SourceQuality "1"]
[TimeControl "40/5400+30:1800+30"]

1. e4 e6 2. d4 d5 3. Nc3 Bb4 4. Nge2 dxe4 5. a3 Be7 6. Nxe4 Nf6 7. Nxf6+ Bxf6 8. Be3 O-O 9. c3 Nd7 10. g3 e5 11. Bg2 exd4 12. Nxd4 Ne5 13. O-O Nc4 14. Bf4 Nxb2 15. Qc2 c5 16. Nb5 Nd3 17. Rad1 c4 18. Nc7 Bg4 19. Nxa8 Bxd1 20. Rxd1 Qxa8 21. Be3 Qb8 22. Be4 Rd8 23. Bxd3 cxd3 24. Rxd3 a6 1/2-1/2